 Dungeon Crawl Stone Soup version 0.27.1-1-g398f81649c (webtiles) character file.

Game seed: 2973101750885240121

2 chaosape the Digger (level 1, 0/13 HPs)
             Began as a Gnoll Wanderer on Sept 17, 2021.
             Frozen to death by an endoplasm (5 damage)
             ... on level 1 of the Dungeon.
             The game lasted 00:00:21 (31 turns).

chaosape the Digger (Gnoll Wanderer)                  Turns: 31, Time: 00:00:21

Health: 0/13       AC:  2    Str: 11    XL:     1   Next: 40%
Magic:  6/6        EV: 11    Int: 10    God:
Gold:   0          SH:  0    Dex: 12    Spells: 8/9 levels left

rFire    . . .     SeeInvis .   a - +0 dagger
rCold    . . .     Faith    .   (no shield)
rNeg     . . .     Spirit   .   b - +0 robe
rPois    .         Reflect  .   (no helmet)
rElec    .         Harm     .   (no cloak)
rCorr    .         Rampage  .   (no gloves)
Will     .....                  (no boots)
Stlth    ++........             (no amulet)
HPRegen  0.04/turn              (no ring)
MPRegen  0.10/turn              (no ring)

@: no status effects
A: fangs 1, strong nose, distributed training
a: no special abilities


You were on level 1 of the Dungeon.
You visited 1 branch of the dungeon, and saw 1 of its levels.

Inventory:

Hand Weapons
 a - a +0 dagger (weapon)
Armour
 b - a +0 robe (worn)
Wands
 c - a wand of charming (15)


   Skills:
 + Level 0.0 Fighting
 + Level 0.0 Short Blades
 + Level 0.0 Long Blades
 + Level 0.0 Axes
 + Level 0.0 Maces & Flails
 + Level 0.0 Polearms
 + Level 0.0 Staves
 + Level 0.0 Slings
 + Level 0.0 Bows
 + Level 0.0 Crossbows
 + Level 0.0 Throwing
 + Level 0.0 Armour
 + Level 0.0 Dodging
 + Level 2.1 Stealth
 + Level 0.0 Shields
 + Level 0.0 Unarmed Combat
 + Level 4.8 Spellcasting
 + Level 0.0 Conjurations
 + Level 0.0 Hexes
 + Level 0.0 Summonings
 + Level 0.0 Necromancy
 + Level 0.0 Translocations
 + Level 3.6 Transmutations
 + Level 0.0 Fire Magic
 + Level 0.0 Ice Magic
 + Level 1.9 Air Magic
 + Level 5.3 Earth Magic
 + Level 0.0 Poison Magic
 + Level 0.1 Invocations
 + Level 2.3 Evocations


You had 8 spell levels left.
You knew the following spells:

 Your Spells              Type           Power      Damage    Failure   Level
a - Sandblast             Erth           26%        2d8       2%          1

Your spell library contained the following spells:

 Spells                   Type           Power      Damage    Failure   Level
 Stone Arrow              Conj/Erth      14%        3d7       22%         3


Dungeon Overview and Level Annotations

Branches:
Dungeon (1/15)

Altars:


Innate Abilities, Weirdness & Mutations

You have very sharp teeth.
Your uncanny sense of smell can sniff out nearby items.
Your experience applies equally to all skills.


Message History

You add the spells Stone Arrow and Sandblast to your library.
Welcome, chaosape the Gnoll Wanderer.
It is said that the Orb of Zot exists deep within this dungeon.
Press ? for a list of commands and other information.
Found a staircase leading out of the dungeon.
You begin with the following items: a +0 dagger, a +0 robe, a wand of charming (15); and the following spell memorised: Sandblast; and the following spells available to memorise: Stone Arrow.
A bat comes into view.
A dart slug comes into view.
A hobgoblin comes into view.
The dart slug launches a dart at you. The slug dart misses you.
The helpless bat fails to defend itself.
You puncture the bat!
You kill the bat!
The dart slug launches a dart at you. The slug dart misses you.
The helpless hobgoblin fails to defend itself.
You puncture the hobgoblin!
You kill the hobgoblin!
An endoplasm comes into view.
The dart slug launches a dart at you. The slug dart hits you.
The endoplasm quivers.
You hit the endoplasm.
The endoplasm is almost dead.
The dart slug launches a dart at you. The slug dart hits you.
The endoplasm freezes you.
You are frozen.
You are too injured to fight recklessly!
The endoplasm freezes you.
You are frozen.
You die...

###.# #.# #.#
#.## #..# ..
##.#
....###.########
................
...####@#######.
#...J.....#
#...w.....#
#.........#
#...........
#......#.#..
#...........
#......#.#.#
#..........#


You could see a dart slug and an endoplasm.

Vanquished Creatures
  A bat (D:1)
  A hobgoblin (D:1)
2 creatures vanquished.

Notes
Turn   | Place    | Note
-------+----------+-------------------------------------------
     0 | D:1      | chaosape the Gnoll Wanderer began the quest for the Orb.
     0 | D:1      | chaosape set off with the following items: a +0 dagger, a
                  | +0 robe, a wand of charming (15); and the following spell
                  | memorised: Sandblast; and the following spells available to
                  | memorise: Stone Arrow
     0 | D:1      | Reached XP level 1. HP: 13/13 MP: 6/6
    31 | D:1      | Frozen to death by an endoplasm

Illustrated notes

Levels and vault maps discovered:
D:1:      lightli_arrival_statue_moat, layout_rooms, serial_glass,
          glass_columns_c, glass_columns_a, glass_columns_a, glass_columns_a,
          chequers_avenue, minmay_misc_feat_square

Action                   || total
-------------------------++-------
Melee: Dagger            ||     3
 Stab: Sleeping          ||     2
Dodge: Dodged            ||     2
